 Dungeon Crawl Stone Soup version 0.27.1-33-g824d729ab1 (webtiles) character file.

Game seed: 12301383509336186170

51 zeram the Sneak (level 3, 0/16 HPs)
             Began as a Spriggan Enchanter on Dec 2, 2021.
             Succumbed to an adder's poison
             ... on level 2 of the Dungeon.
             The game lasted 00:03:56 (1967 turns).

zeram the Sneak (Spriggan Enchanter)                Turns: 1967, Time: 00:03:57

Health: 0/16       AC:  2    Str:  4    XL:     3   Next: 58%
Magic:  8/8        EV: 18    Int: 17    God:
Gold:   1213       SH:  5    Dex: 15    Spells: 2/8 levels left

rFire    . . .     SeeInvis +   a - +1 dagger (vorpal)
rCold    . . .     Faith    .   (shield restricted)
rNeg     . . .     Spirit   .   b - +0 robe
rPois    .         Reflect  +   (helmet restricted)
rElec    .         Harm     .   (no cloak)
rCorr    .         Rampage  .   (gloves unavailable)
Will     .....                  (boots unavailable)
Stlth    +++.......             c - amulet of reflection
HPRegen  0.05/turn              (no ring)
MPRegen  0.11/turn              (no ring)

@: brilliant, lethally poisoned (0 -> -1), about to teleport, weak-willed, very
quick
A: very small, no large weapons, unfitting armour, see invisible, speed 3
a: no special abilities


You were on level 2 of the Dungeon.
You visited 1 branch of the dungeon, and saw 2 of its levels.

You collected 1213 gold pieces.

Inventory:

Hand Weapons
 a - a +1 vorpal dagger (weapon)
Armour
 b - a +0 robe (worn)
Jewellery
 c - an amulet of reflection (around neck)
 d - an amulet of reflection
Scrolls
 h - a scroll of magic mapping {unknown}


   Skills:
 + Level 1.5 Short Blades
 + Level 3.4 Dodging
 + Level 5.3 Stealth
 + Level 0.1 Shields
 + Level 3.1 Spellcasting
 + Level 4.2 Hexes


You had 2 spell levels left.
You knew the following spells:

 Your Spells              Type           Power      Damage    Failure   Level
a - Corona                Hex            27%        N/A       3%          1
b - Ensorcelled Hibernat  Hex/Ice        28%        N/A       11%         2
c - Tukima's Dance        Hex            25%        N/A       9%          3

Your spell library contained the following spells:

 Spells                   Type           Power      Damage    Failure   Level
 Confusing Touch          Hex            25%        N/A       9%          3
 Dazzling Flash           Conj/Hex       28%        N/A       22%         3


Dungeon Overview and Level Annotations

Branches:
Dungeon (2/15)

Altars:


Innate Abilities, Weirdness & Mutations

You are very small and have problems with some larger weapons.
You are too small for most types of armour.
You have supernaturally acute eyesight. (SInv)
You cover ground extremely quickly. (Speed+++)


Message History

The helpless ball python fails to defend itself.
You impale the ball python!!
You kill the ball python!
You see here a ball python corpse.
The adder hisses angrily.
The adder closely misses you.
You closely miss the adder. The adder misses you.
You hit the adder but do no damage. The adder barely misses you.
The adder bites you.
You are poisoned.
The adder poisons you!
You hit the adder.
The adder is heavily wounded.
You feel sick. The adder bites you.
Casting: Ensorcelled Hibernation (safe; 11% risk of failure)
Confirm with . or Enter, or press ? or * to list all spells.
Aiming: Ensorcelled Hibernation (safe; 11% risk of failure)
Press: ? - help, Shift-Dir - straight line, f - adder
Aim: an adder (moderately wounded, chance to affect: 50%)
The adder looks drowsy...
You feel sick.
The helpless adder fails to defend itself.
You impale the adder!!
You kill the adder!
* * * LOW HITPOINT WARNING * * *
You feel sick.
It was a potion of brilliance.
You feel clever all of a sudden.
* * * LOW HITPOINT WARNING * * *
You feel sick.
It was a potion of magic.
Magic courses through your body.
* * * LOW HITPOINT WARNING * * *
You feel sick.
As you read the scroll labelled LAIWEE JASH, it crumbles to dust.
You feel strangely unstable.
It was a scroll of teleportation.
* * * LOW HITPOINT WARNING * * *
You feel sick.
You aren't carrying any potions.
As you read the scroll labelled GOLE NEROIB, it crumbles to dust.
Magic quickly surges around you.
It was a scroll of vulnerability.
You die...

#.# ###.####..#
#.#########.## #..#
#............###..#
###########.......#
#.####.## # #.# #†#
# #(# #.# # #.# #.#
# #.# #@# # ..# #.#
# .... ..# # ...
#### #########.#
#..........
..#######.#
#......##.#
#.####.##.#


There were no monsters in sight!

Vanquished Creatures
  2 adders (D:2)
  2 dart slugs
  4 bats
  2 endoplasms
  5 hobgoblins
  3 ball pythons (D:2)
  5 goblins
  A kobold (D:1)
  6 rats
30 creatures vanquished.

Notes
Turn   | Place    | Note
-------+----------+-------------------------------------------
     0 | D:1      | zeram the Spriggan Enchanter began the quest for the Orb.
     0 | D:1      | Reached XP level 1. HP: 9/9 MP: 5/5
   398 | D:1      | Reached XP level 2. HP: 10/13 MP: 6/6
   401 | D:1      | Learned a level 2 spell: Ensorcelled Hibernation
  1205 | D:2      | Identified a scroll of acquirement
  1205 | D:2      | Acquired 1100 gold pieces
  1326 | D:2      | Reached skill level 5 in Stealth
  1385 | D:2      | Reached XP level 3. HP: 15/16 MP: 8/8
  1518 | D:2      | Learned a level 3 spell: Tukima's Dance
  1967 | D:2      | Succumbed to an adder's poison

Illustrated notes

Levels and vault maps discovered:
D:1:      scummos_arrival_checkerplants, layout_rooms, minmay_tetromino_l2
D:2:      layout_loops_ring

Skill      XL: |  1  2  3 |
---------------+----------+-----
Hexes          | 4 |  4.2
Dodging        | 3 |  3.4
Stealth        | 5 |  5.3
Spellcasting   | 3 |  3.1
Short Blades   | |  1.5
Shields        | |  0.1

Action                   || total
-------------------------++-------
Melee: Dagger            ||    91
 Cast: Corona            ||     3
       Ensorcelled Hiber ||    12
  Use: Scroll            ||     7
       Potion            ||     2
 Stab: Sleeping          ||    13
       Distracted        ||     1
Armor: Robe              ||     7
Dodge: Dodged            ||    74
Block: Other             ||    12
